 Dungeon Sprint DCSS version 0.30-a0-964-gd452b5e7fa (webtiles) character file.

Game seed: 18205138630291865072

282 dialectric the Unseen (level 6, -9/48 HPs)
             Began as a Spriggan Brigand on Mar 30, 2023.
             Engulfed by a cloud of freezing vapour (10 damage)
             ... in the Dungeon (Sprint II: "The Violet Keep of Menkaure").
             The game lasted 00:00:19 (28 turns).

dialectric the Unseen (Spriggan Brigand)              Turns: 28, Time: 00:00:20

Health: -9/48      AC:  3    Str:  7    XL:     6   Next: 6%
Magic:  7/7        EV: 17    Int: 12    God:
Gold:   0          SH:  0    Dex: 19    Spells: 5/5 levels left

rFire   . . .      SeeInvis +    a - +2 dagger
rCold   . . .      Faith    .    (no shield)
rNeg    . . .      Spirit   .    b - +0 robe
rPois   .          Reflect  .    (helmet restricted)
rElec   .          Rampage  .    c - +0 cloak
rCorr   .          NoTele   +    (gloves unavailable)
Will    +....                    (boots unavailable) Stlth
                                 (no amulet)
HPRegen 0.28/turn                (no ring)
MPRegen 0.10/turn                (no ring)

@: berserking (expiring), very quick
A: very small, no large weapons, unfitting armour, see invisible, speed 3
a: no special abilities


You were in the Dungeon.
You visited 1 branch

Inventory:

Hand Weapons
 a - a +2 dagger (weapon)
Missiles
 d - 9 poisoned darts (quivered)
 e - 3 curare-tipped darts
Armour
 b - a +0 robe (worn)
 c - a +0 cloak (worn)
Scrolls
 k - a scroll of blinking
Potions
 f - a potion of curing
 g - a potion of heal wounds
 h - a potion of haste
 i - 2 potions of magic


   Skills:
 + Level 3.5 Fighting
 + Level 5.3 Short Blades
 - Level 3.6 Throwing
 + Level 2.4 Dodging
 + Level 16.8 Stealth


You had 5 spell levels left.
You didn't know any spells.
Your spell library was empty.

Dungeon Overview and Level Annotations

Branches:
Dungeon (1/1)

Altars:

Shops:
D (=


Innate Abilities, Weirdness & Mutations

You are very small and have problems with some larger weapons.
You are too small for most types of armour.
You have supernaturally acute eyesight. (SInv)
You cover ground extremely quickly. (Speed+++)


Message History

Your Short Blades skill increases to level 5!
Your Dodging skill increases to level 2!
Your Stealth skill increases to level 15!
You hit the necrophage.
The necrophage is lightly damaged.
You puncture the necrophage!
The necrophage is moderately damaged.
The necrophage hits you.
The necrophage is engulfed in freezing vapours.
You closely miss the necrophage.
The necrophage is moderately damaged.
You barely miss the necrophage.
The necrophage is moderately damaged.
The necrophage is engulfed in freezing vapours.
The necrophage hits you. The ice statue gestures at you.
The bolt of cold misses you. The necrophage closely misses you.
You puncture the necrophage!
The necrophage is severely damaged.
You are engulfed in freezing vapours.
You hit the necrophage.
The necrophage is almost destroyed.
You are engulfed in freezing vapours.
* * * LOW HITPOINT WARNING * * *
The necrophage misses you.
The necrophage is engulfed in freezing vapours.
The necrophage hits you.
* * * LOW HITPOINT WARNING * * *
You feel drained.
You hit the necrophage.
You destroy the necrophage!
You are engulfed in freezing vapours.
* * * LOW HITPOINT WARNING * * *
Your life force feels restored.
Your Stealth skill increases to level 16!
You have reached level 6!
You puncture the ice beast!
The ice beast is heavily wounded.
You are engulfed in freezing vapours.
You die...

####+####
##≈≈☼°°°°##
##°≈○○○°°≈○##
°°°≈○8○≈≈°≈#
○○°○≈°○°≈# #
#○Y☼°≈°≈
###~~#'Yn#+++##
##~~~.○@°°°°..#
.#~~~~.##°##..#
.#~~~~##.#.##
.#~~~~#..#..#
.#~~# ##.$.## #
∩#~# ##'## .##
.#~ ##.##.B.#
∩+ +.<.+#
##.##B..#


You could see an ice statue, 2 ice beasts and a necrophage.

Vanquished Creatures
  A water moccasin (D)
  3 necrophages (D)
4 creatures vanquished.

Notes
Turn   | Place    | Note
-------+----------+-------------------------------------------
     0 | D        | dialectric the Spriggan Brigand began the quest for the
                  | Orb.
     0 | D        | Reached XP level 1. HP: 10/10 MP: 2/2
     1 | D        | Noticed a boulder beetle
     1 | D        | Noticed a boulder beetle
     4 | D        | Noticed a necrophage
     4 | D        | Noticed a necrophage
     4 | D        | Noticed a necrophage
     4 | D        | Noticed a necrophage
     7 | D        | Killed a necrophage
     8 | D        | Reached skill level 11 in Stealth
     8 | D        | Reached XP level 2. HP: 16/16 MP: 3/3
     8 | D        | Reached XP level 3. HP: 19/19 MP: 4/4
    10 | D        | Noticed an ice statue
    12 | D        | Noticed a water moccasin
    13 | D        | Found Mudof's Antique Weapon Shoppe.
    13 | D        | Found Ecazacep's Jewellery Emporium.
    14 | D        | Killed a water moccasin
    15 | D        | Reached skill level 14 in Stealth
    15 | D        | Reached XP level 4. HP: 18/24 MP: 5/5
    15 | D        | Reached XP level 5. HP: 21/28 MP: 6/6
    19 | D        | Noticed an ice beast
    21 | D        | Reached skill level 5 in Short Blades
    21 | D        | Reached skill level 15 in Stealth
    21 | D        | Noticed an ice beast
    27 | D        | HP: 1/40 [something (7)]
    28 | D        | Reached skill level 16 in Stealth
    28 | D        | Reached XP level 6. HP: 1/32 MP: 7/7
    28 | D        | Engulfed by a cloud of freezing vapour

Illustrated notes

Levels and vault maps discovered:
D:        the_violet_keep_of_menkaure [sprint2_stairs_cluster_1,
          sprint2_shoproom, sprint2_temple, sprint2_basic_supplies,
          sprint2_obstacle_4, sprint2_obstacle_3, sprint2_obstacle_2,
          sprint2_obstacle_7, sprint2_obstacle_1, sprint2_timed_cluster_1,
          sprint2_smallroom_cluster_1, sprint2_smallroom_final_cluster_1,
          sprint2_transparent_cluster_1, sprint2_second_timed_cluster_1,
          sprint2_sniper_area_1, sprint2_heavy_combat_area_1,
          sprint2_mutation_trap_area_1, sprint2_forest_area_1,
          sprint2_light_combat_area_1, sprint2_behind_water_1,
          sprint2_near_end_vault_1]

Skill      XL: |  1  2  3  4  5 |
---------------+----------------+-----
Fighting       | 2 3 |  3.5
Short Blades   | 3 4 5 |  5.3
Stealth        | 11 14 16 | 16.8
Throwing       | 3 |  3.6
Dodging        | 2 |  2.4

Action                     |  1- 3 |  4- 6 || total
---------------------------+-------+-------++-------
  Melee: Dagger            |     2 |    13 ||    15
    Use: Potion            |       |     1 ||     1
   Stab: Sleeping          |     2 |       ||     2
 Armour: Robe              |       |     1 ||     1
  Dodge: Dodged            |     2 |     4 ||     6

Table legend: (Time is in decaauts)
 A = Elapsed time spent in this place.
 B = Non-inter-level travel time spent in this place.
 C = Inter-level travel time spent in this place.
 D = Time resting spent in this place.
 E = Time spent auto-exploring this place.
 F = Levels seen in this place.
 G = Mean time per level.
                   A        B        C        D        E       F      G
               +--------+--------+--------+--------+--------+-----+--------+
         Total |     18 |     18 |      0 |      0 |      0 |   1 |   18.0 |
       Dungeon |     18 |     18 |      0 |      0 |      0 |   1 |   18.0 |
               +--------+--------+--------+--------+--------+-----+--------+

Top non-repeatable levels by time:
       D: 18 daAuts
